 Dungeon Crawl Stone Soup version 0.14-a0-218-g24e112a (webtiles) character file.

80 eimernase the Grave Robber (level 2, -2/19 HPs)
             Began as a Vampire Necromancer on Oct 9, 2013.
             Slain by an adder (3 damage)
             ... on Level 2 of the Dungeon.
             The game lasted 00:16:52 (1534 turns).

eimernase the Grave Robber (Vampire Necromancer)    Turns: 1534, Time: 00:16:53

HP  -2/19        AC  3     Str  7      XL: 2   Next: 86%
MP   2/5         EV 15     Int 17      God:
Gold 55          SH  0     Dex 17      Spells:  2 memorised,  2 levels left

Res.Fire  : . . .   See Invis. : +   q - +1 dwarf dagger (venom)
Res.Cold  : . . .   Warding    : .   k - +0 leather armour (curse)
Life Prot.: + . .   Conserve   : .   (no shield)
Res.Poison: .       Res.Corr.  : .   (no helmet)
Res.Elec. : .       Clarity    : .   (no cloak)
Sust.Abil.: . .     Spirit.Shd : .   (no gloves)
Res.Mut.  : .       Stasis     : .   (no boots)
Res.Rott. : .       Flight     : .   (no amulet)
Saprovore : . . .                    l - +4 ring of evasion
                                     h - cursed +3 ring of dexterity

@: very slightly contaminated, not resistant to hostile enchantments, stealthy
A: fangs 3, see invisible, unbreathing
a: no special abilities


You were on level 2 of the Dungeon.
You were not thirsty.

You visited 1 branch of the dungeon, and saw 2 of its levels.

You collected 35 gold pieces.

Inventory:

Hand weapons
 e - a +0,+0 spear
 o - a +0,+0 short sword
 q - a +1,+1 dwarven dagger of venom (weapon)
Missiles
 f - 18 arrows
Armour
 g - a +0 ring mail
 k - a cursed +0 leather armour (worn)
Scrolls
 d - 2 scrolls of identify {unknown}
 j - a scroll of enchant weapon I {unknown}
 m - a scroll of curse jewellery {unknown}
Jewellery
 h - a cursed +3 ring of dexterity (left hand)
 l - a +4 ring of evasion (right hand)
Potions
 c - a potion of blood
 n - a potion of curing {unknown}
Books
 b - a book of Necromancy

   Spells                             Type                      Level
   *Pain                              Necromancy                   1
   *Animate Skeleton                  Necromancy                   1
   Lethal Infusion                    Charms/Necromancy            2
   Vampiric Draining                  Necromancy                   3
   Regeneration                       Charms/Necromancy            3
   Animate Dead                       Necromancy                   4
   Control Undead                     Necromancy                   4


   Skills:
 + Level 0.1 Fighting
 + Level 0.2 Armour
 + Level 2.2 Dodging
 + Level 3.1 Stealth
 + Level 1.6 Spellcasting
 + Level 4.9 Necromancy


You had 2 spell levels left.
You knew the following spells:

 Your Spells              Type           Power        Failure   Level  Hunger
a - Pain                  Necr           ###.         2%          1    ##.....
b - Animate Skeleton      Necr           N/A          2%          1    ##.....


Dungeon Overview and Level Annotations

Branches:
Dungeon (2/27)

Altars:


Innate Abilities, Weirdness & Mutations

You have razor-sharp teeth.
You have supernaturally acute eyesight.
You can survive without breathing.


Message History

The adder bites you but does no damage. The ooze hits you.
You hit the ooze. You bite the ooze.
The ooze is almost dead.
The adder completely misses you. The ooze misses you.
The adder completely misses you.
You hit the ooze.
You kill the ooze!
The adder bites you.
Casting: Pain
Confirm with . or Enter, or press ? or * to list all spells.
Aiming: Pain
Press: ? - help, Shift-Dir - straight line, f - adder
Aim: an adder The adder struggles to resist.
The adder bites you.
* * * LOW HITPOINT WARNING * * *
The adder bites you.
* * * LOW HITPOINT WARNING * * *
The adder barely misses you. The adder bites you.
You die...

#.............#
#..........%..#
#.............+
#.###..w......#
#.###.........#
#...#......#+##.#
#.>............$#
#....###....#####
#....@S........#
#....#########.#
#...........<# #
#.....########
#.##..... #..
#....... ..
#.#.....#
#.#.....#
#.#######


You could see an adder.

Vanquished Creatures
  3 bats
  A giant cockroach (D:1)
  2 hobgoblins (D:1)
  An ooze (D:2)
  2 giant geckos (D:1)
  3 kobolds (D:1)
  5 rats (D:1)
17 creatures vanquished.

Vanquished Creatures (collateral kills)
  A giant gecko (D:1)
  3 bats (D:1)
  A hobgoblin (D:1)
  A giant cockroach (D:1)
  A goblin (D:1)
  A kobold (D:1)
  A rat (D:1)
9 creatures vanquished.

Vanquished Creatures (others)
  3 bat skeletons
  A hobgoblin skeleton (D:1)
  A kobold skeleton (D:1)
  A rat skeleton (D:1)
6 creatures vanquished.

Grand Total: 32 creatures vanquished

Notes
Turn   | Place    | Note
--------------------------------------------------------------
     0 | D:1      | eimernase, the Vampire Necromancer, began the quest for the Orb.
     0 | D:1      | Reached XP level 1. HP: 13/13 MP: 4/4
    28 | D:1      | Learned a level 1 spell: Animate Skeleton
   418 | D:1      | Reached XP level 2. HP: 14/19 MP: 2/5
  1534 | D:2      | Slain by an adder

Action                   || total
-------------------------++-------
Melee: Spear             ||     6
       Unarmed           ||     2
       Dagger            ||     8
 Cast: Pain              ||    28
       Animate Skeleton  ||    10
  Use: Scroll            ||     1
 Stab: Sleeping          ||     2
